 Dungeon Crawl Stone Soup version 0.28-a0-674-gdaf460b524 (webtiles) character file.

Game seed: 7347652506340422038

77 voltaire321 the Charlatan (level 4, -1/30 (32) HPs)
             Began as a Demonspawn Artificer on Oct 18, 2021.
             Succumbed to a scorpion's poison
             ... on level 6 of the Dungeon.
             The game lasted 00:09:05 (4085 turns).

voltaire321 the Charlatan (Demonspawn Artificer)    Turns: 4085, Time: 00:09:06

HP:   -1/30 (32)    AC: 13    Str: 12    XL:     4   Next: 13%
MP:   4/4           EV: 10    Int: 12    God:
Gold: 79            SH:  4    Dex: 15    Spells: 3/3 levels left

rFire   . . .      SeeInvis .   h - +1 mace (protect)
rCold   . . .      Faith    .   (no shield)
rNeg    . . .      Spirit   .   o - +0 ring mail
rPois   .          Reflect  .   l - +0 helmet
rElec   .          Harm     .   (no cloak)
rCorr   .          Rampage  .   (no gloves)
Will    +....                   (no boots)
Stlth   +.........              (no amulet)
HPRegen 0.10/turn               n - ring of willpower
MPRegen 0.18/turn               (no ring)

@: lethally poisoned (-1 -> -10), under a protective aura, drained
A: magic regeneration, condensation shield
a: no special abilities


You were on level 6 of the Dungeon.
You visited 1 branch of the dungeon, and saw 4 of its levels.

You collected 79 gold pieces.

Inventory:

Hand Weapons
 h - a +1 mace of protection (weapon)
Missiles
 i - 28 poisoned darts
Armour
 l - a +0 helmet (worn)
 o - a +0 ring mail (worn)
Jewellery
 n - a ring of willpower (left hand)
Wands
 c - a wand of flame (15) (quivered)
 d - a wand of charming (15)
Scrolls
 f - 2 scrolls of teleportation
 g - a scroll of vulnerability {unknown}
 j - 6 scrolls of fog
Miscellaneous
 e - a piece from Xom's chessboard (15/15)


   Skills:
 + Level 1.3 Fighting
 + Level 1.4 Maces & Flails
 + Level 2.4 Armour
 + Level 1.4 Dodging
 - Level 0.8 Stealth
 + Level 3.7 Evocations


You had 3 spell levels left.
You didn't know any spells.
Your spell library contained the following spells:

 Spells                   Type           Power      Damage    Failure   Level
 Animate Skeleton         Necr           0%         N/A       58%         1
 Apportation              Tloc           0%         N/A       58%         1
 Summon Small Mammal      Summ           0%         N/A       58%         1
 Ensorcelled Hibernation  Hex/Ice        0%         N/A       73%         2
 Spider Form              Tmut/Pois      0%         N/A       91%         3


Dungeon Overview and Level Annotations

Branches:
Dungeon (3/15)             Temple (0/1) D:6

Altars:


Innate Abilities, Weirdness & Mutations

You regenerate magic rapidly.
A meltable shield of frost defends you. (SH +4)


Message History

The scorpion stings you but does no damage.
You hit the scorpion.
Your weapon exudes an aura of protection.
The scorpion is moderately wounded.
The scorpion barely misses you. The scorpion closely misses you.
You closely miss the scorpion.
The scorpion is moderately wounded.
The scorpion stings you.
You hit the scorpion.
The scorpion is heavily wounded.
The scorpion completely misses you.
The scorpion stings you but does no damage.
You hit the scorpion.
The scorpion is severely wounded.
The scorpion stings you.
You barely miss the scorpion.
The scorpion is severely wounded.
You block the scorpion's attack.
The scorpion stings you but does no damage.
You barely miss the scorpion.
The scorpion is severely wounded.
You block the scorpion's attack.
You barely miss the scorpion.
The scorpion is severely wounded.
You block the scorpion's attack. x2
You closely miss the scorpion.
The scorpion is severely wounded.
The scorpion stings you.
You are lethally poisoned!
The scorpion poisons you!
You hit the scorpion.
Your weapon exudes an aura of protection.
The scorpion is severely wounded.
* * * LOW HITPOINT WARNING * * *
You feel very sick. You block the scorpion's attack. The scorpion stings you.
* * * LOW HITPOINT WARNING * * *
You hit the scorpion.
The scorpion is almost dead.
You die...

#..## #...# #.#.#
#.#...
##########+#####.#
.#..
#...........n.##.#
.. .#
#........$..#.##.#
## #
#...........#.##.#
#...).......#ns@.#
#...........######
#...........#
#...........#
#############


You could see a necrophage and a scorpion.

Vanquished Creatures
  Robin (D:2)
  A gnoll (D:1)
  A worm (D:2)
  6 bats
  3 endoplasms
  4 giant cockroaches
  11 goblins
  7 hobgoblins
  A quokka (D:1)
  2 ball pythons
  2 frilled lizards (D:2)
  4 kobolds
  4 rats
47 creatures vanquished.

Vanquished Creatures (others)
  A demonic plant (D:2)
1 creature vanquished.

Grand Total: 48 creatures vanquished

Notes
Turn   | Place    | Note
-------+----------+-------------------------------------------
     0 | D:1      | voltaire321 the Demonspawn Artificer began the quest for
                  | the Orb.
     0 | D:1      | Reached XP level 1. HP: 15/15 MP: 1/1
   447 | D:1      | Gained mutation: You regenerate magic rapidly. [demonic
                  | ancestry]
   447 | D:1      | Reached XP level 2. HP: 13/21 MP: 2/2
   854 | D:1      | Reached skill level 1 in Dodging
   969 | D:1      | Reached XP level 3. HP: 17/26 MP: 3/3
  1374 | D:2      | Noticed Robin
  2502 | D:2      | Found a faded altar of an unknown god.
  3087 | D:2      | Reached skill level 1 in Maces & Flails
  3539 | D:2      | Killed Robin
  3540 | D:2      | Gained mutation: A meltable shield of frost defends you.
                  | (SH +4) [demonic ancestry]
  3540 | D:2      | Reached XP level 4. HP: 5/32 MP: 4/4
  4044 | D:3      | You fall into a shaft and drop 3 floors!
  4044 | D:6      | Noticed a scorpion
  4044 | D:6      | Found a staircase to the Ecumenical Temple.
  4056 | D:6      | Noticed a necrophage
  4085 | D:6      | Succumbed to a scorpion's poison

Illustrated notes

Levels and vault maps discovered:
D:1:      dpeg_arrival_fog, layout_loops_corners, minmay_tromino_v2
D:2:      layout_basic, shapermc_ecumenical_altar_gd,
          hangedman_decor_clover_reticule, minmay_cupped, uniq_robin
D:3:      layout_basic, mainiacjoe_overflow_concentric_impassable
D:6:      layout_basic, minmay_temple_entry_slanted

Skill      XL: |  1  2  3 |
---------------+----------+-----
Armour         | 2 |  2.4
Dodging        | 1 |  1.4
Maces & Flails | 1 |  1.4
Fighting       | |  1.3
Stealth        | |  0.8
Evocations     | |  3.7

Action                   |  1- 3 |  4- 6 || total
-------------------------+-------+-------++-------
Melee: Club              |    15 |       ||    15
       Mace              |   179 |    12 ||   191
  Use: Scroll            |       |     4 ||     4
 Stab: Sleeping          |     5 |     1 ||     6
Armor: Leather armour    |    66 |       ||    66
       Ring mail         |    20 |     7 ||    27
Dodge: Dodged            |   149 |     3 ||   152
Block: Other             |       |     6 ||     6

Table legend: (Time is in decaauts)
 A = Elapsed time spent in this place.
 B = Non-inter-level travel time spent in this place.
 C = Inter-level travel time spent in this place.
 D = Time resting spent in this place.
 E = Time spent auto-exploring this place.
 F = Levels seen in this place.
 G = Mean time per level.
                   A        B        C        D        E       F      G
               +--------+--------+--------+--------+--------+-----+--------+
         Total |   4169 |   3997 |    172 |   1671 |   1533 |   4 | 1042.2 |
       Dungeon |   4169 |   3997 |    172 |   1671 |   1533 |   4 | 1042.2 |
               +--------+--------+--------+--------+--------+-----+--------+

Top non-repeatable levels by time:
     D:1: 2681 daAuts
     D:2: 1366 daAuts
     D:3: 78 daAuts
     D:6: 44 daAuts
